 Dungeon Crawl Stone Soup version 0.28.0-49-g6dfe1f597d (webtiles) character file.

Game seed: 18009220631545650299

57 issech the Vexing (level 4, -2/34 HPs)
             Began as a Gnoll Arcane Marksman on May 19, 2022.
             Killed from afar by an orc wizard (13 damage)
             ... with a puff of flame
             ... on level 3 of the Dungeon.
             The game lasted 00:07:23 (2326 turns).

issech the Vexing (Gnoll Arcane Marksman)           Turns: 2326, Time: 00:07:23

Health: -2/34      AC:  5    Str:  9    XL:     4   Next: 0%
Magic:  8/8        EV: 11    Int: 12    God:
Gold:   16         SH:  0    Dex: 15    Spells: 4/8 levels left

rFire   x . .      SeeInvis .   k - +0 mace
rCold   + . .      Faith    .   (no shield)
rNeg    . . .      Spirit   .   l - +0 ring mail
rPois   .          Reflect  .   (no helmet)
rElec   .          Harm     .   (no cloak)
rCorr   .          Rampage  .   (no gloves)
Will    .....                   (no boots)
Stlth   +.........              (no amulet)
HPRegen 0.11/turn               j - ring of ice
MPRegen 0.11/turn               (no ring)

@: no status effects
A: fangs 1, strong nose, distributed training
a: no special abilities


You were on level 3 of the Dungeon.
You visited 1 branch of the dungeon, and saw 3 of its levels.

You collected 16 gold pieces.

Inventory:

Hand Weapons
 a - a +0 hunting sling
 e - a +0 whip
 h - a +0 hand axe
 k - a +0 mace (weapon)
 t - a +0 short sword
Missiles
 b - 23 stones (quivered)
 c - 9 sling bullets
 f - 3 boomerangs
 m - 22 bolts
Armour
 d - a +0 robe
 l - a +0 ring mail (worn)
Jewellery
 j - a ring of ice (left hand)
Scrolls
 g - 3 scrolls of identify {unknown}
 p - a scroll of teleportation {unknown}
Potions
 i - a potion of mutation {unknown}
 n - a potion of attraction {unknown}
 o - a potion of lignification {unknown}
 q - 2 potions of flight {unknown}
 r - a potion of heal wounds {unknown}
 s - a potion of curing {unknown}


   Skills:
 + Level 2.7 Fighting
 + Level 1.0 Short Blades
 + Level 1.0 Long Blades
 + Level 1.0 Axes
 + Level 1.0 Maces & Flails
 + Level 1.0 Polearms
 + Level 1.0 Staves
 + Level 4.6 Slings
 + Level 1.0 Bows
 + Level 1.0 Crossbows
 + Level 1.0 Throwing
 + Level 1.0 Armour
 + Level 4.6 Dodging
 + Level 1.0 Stealth
 + Level 1.0 Shields
 + Level 1.0 Unarmed Combat
 + Level 2.9 Spellcasting
 + Level 0.7 Conjurations
 + Level 5.4 Hexes
 + Level 0.7 Summonings
 + Level 0.7 Necromancy
 + Level 0.7 Translocations
 + Level 0.7 Transmutations
 + Level 0.7 Fire Magic
 + Level 0.7 Ice Magic
 + Level 0.7 Air Magic
 + Level 0.7 Earth Magic
 + Level 0.7 Poison Magic
 + Level 1.1 Invocations
 + Level 1.0 Evocations


You had 4 spell levels left.
You knew the following spells:

 Your Spells              Type           Power      Damage    Failure   Level
a - Slow                  Hex            56%        N/A       8%          1
b - Portal Projectile     Hex/Tloc       18%        N/A       50%         3

Your spell library contained the following spells:

 Spells                   Type           Power      Damage    Failure   Level
 Inner Flame              Hex/Fire       9%         N/A       50%         3
 Cause Fear               Hex            7%         N/A       58%         4
 Corpse Rot               Necr/Air       6%         N/A       61%         2
 Poisonous Vapours        Pois/Air       6%         N/A       61%         2


Dungeon Overview and Level Annotations

Branches:
Dungeon (3/15)

Altars:


Innate Abilities, Weirdness & Mutations

You have very sharp teeth.
Your uncanny sense of smell can sniff out nearby items.
Your experience applies equally to all skills.


Message History

The orc wizard hits you with a +0 dagger.
The orc wizard gestures at you while chanting.
The magic dart hits you!
You hit the orc wizard but do no damage.
The orc wizard is moderately wounded.
The orc wizard barely misses you.
You hit the orc wizard.
You bite the orc wizard, but do no damage.
The orc wizard is heavily wounded.
The orc wizard closely misses you.
The orc wizard hits you but does no damage.
You closely miss the orc wizard.
The orc wizard is heavily wounded.
The orc wizard closely misses you.
You hit the orc wizard.
The orc wizard is almost dead.
The orc wizard hits you with a +0 dagger.
You barely miss the orc wizard.
The orc wizard is almost dead.
The orc wizard hits you with a +0 dagger. x2
You closely miss the orc wizard.
You bite the orc wizard, but do no damage.
The orc wizard is severely wounded.
The orc wizard misses you.
You barely miss the orc wizard.
You bite the orc wizard, but do no damage.
The orc wizard is severely wounded.
The orc wizard closely misses you.
You hit the orc wizard but do no damage.
The orc wizard is severely wounded.
The orc wizard hits you but does no damage.
The orc wizard barely misses you.
You hit the orc wizard.
The orc wizard is almost dead.
The orc wizard hits you but does no damage.
You closely miss the orc wizard.
The orc wizard is almost dead.
The orc wizard casts a spell at you. The puff of flame hits you!
The fire burns you terribly!
You die...

##(#.# ##..#.#
...#.# ..#.#
.$.# ##..# #
#...# .#
#..o####.##.#
#...#>@.<.....#
#.#
#######..... #
... . ∆


You could see an orc wizard.

Vanquished Creatures
  A worm (D:2)
  2 dart slugs (D:1)
  2 orcs (D:2)
  4 endoplasms
  2 giant cockroaches (D:1)
  4 goblins
  A hobgoblin (D:1)
  6 jackals (D:1)
  2 quokkas (D:1)
  2 ball pythons (D:1)
  7 bats (D:1)
  9 frilled lizards
  2 kobolds (D:1)
  2 rats (D:1)
46 creatures vanquished.

Notes
Turn   | Place    | Note
-------+----------+-------------------------------------------
     0 | D:1      | issech the Gnoll Arcane Marksman began the quest for the
                  | Orb.
     0 | D:1      | Reached XP level 1. HP: 17/17 MP: 4/4
    42 | D:1      | Reached XP level 2. HP: 15/23 MP: 5/5
   547 | D:1      | Reached XP level 3. HP: 28/28 MP: 7/7
   551 | D:1      | Learned a level 3 spell: Portal Projectile
   920 | D:1      | Reached skill level 1 in Invocations
  1091 | D:1      | Found a faded altar of an unknown god.
  1931 | D:2      | Reached skill level 1 in Short Blades
  1931 | D:2      | Reached skill level 1 in Long Blades
  1931 | D:2      | Reached skill level 1 in Axes
  1931 | D:2      | Reached skill level 1 in Maces & Flails
  1931 | D:2      | Reached skill level 1 in Polearms
  1931 | D:2      | Reached skill level 1 in Staves
  1931 | D:2      | Reached skill level 1 in Bows
  1931 | D:2      | Reached skill level 1 in Crossbows
  1931 | D:2      | Reached skill level 1 in Throwing
  1931 | D:2      | Reached skill level 1 in Armour
  1931 | D:2      | Reached skill level 1 in Stealth
  1931 | D:2      | Reached skill level 1 in Shields
  1931 | D:2      | Reached skill level 1 in Unarmed Combat
  1931 | D:2      | Reached skill level 1 in Evocations
  2246 | D:2      | Reached XP level 4. HP: 27/34 MP: 8/8
  2326 | D:3      | Killed from afar by an orc wizard

Illustrated notes

Levels and vault maps discovered:
D:1:      wheals_arrival_shading, layout_rooms,
          shapermc_ecumenical_altar_ellora, hex_tiny
D:2:      layout_basic
D:3:      minmay_inner_zag, layout_basic, gammafunk_ghost_grave

Skill      XL: |  1  2  3 |
---------------+----------+-----
Invocations    | 1 |  1.1
Short Blades   | 1 |  1.0
Long Blades    | 1 |  1.0
Axes           | 1 |  1.0
Maces & Flails | 1 |  1.0
Polearms       | 1 |  1.0
Staves         | 1 |  1.0
Bows           | 1 |  1.0
Crossbows      | 1 |  1.0
Throwing       | 1 |  1.0
Armour         | 1 |  1.0
Stealth        | 1 |  1.0
Shields        | 1 |  1.0
Unarmed Combat | 1 |  1.0
Evocations     | 1 |  1.0
Fighting       | |  2.7
Slings         | |  4.6
Dodging        | |  4.6
Spellcasting   | |  2.9
Conjurations   | |  0.7
Hexes          | |  5.4
Summonings     | |  0.7
Necromancy     | |  0.7
Translocations | |  0.7
Transmutations | |  0.7
Fire Magic     | |  0.7
Ice Magic      | |  0.7
Air Magic      | |  0.7
Earth Magic    | |  0.7
Poison Magic   | |  0.7

Action                   |  1- 3 |  4- 6 || total
-------------------------+-------+-------++-------
Melee: Mace              |    46 |    15 ||    61
       Bite              |     6 |     3 ||     9
       Whip              |     2 |       ||     2
       Punch             |       |     1 ||     1
 Fire: Hunting sling     |   141 |       ||   141
Throw: Stone             |    11 |       ||    11
 Stab: Sleeping          |     1 |       ||     1
Armor: Robe              |    14 |       ||    14
       Ring mail         |    13 |     5 ||    18
Dodge: Dodged            |    86 |     6 ||    92
